AoeStats
← Kaiser NTX117

Baltic

510470397Analyzed
4v4 RM · 3d ago on Oct 1, 2026· 48m 23s· 8 players
Game mode
Random Map
Map size
Large (8 player)
Population
200
Speed
Normal
Resources
Standard
Victory
Conquest
Starting age
Dark Age
Ending age
Imperial Age
RankedLock teamsTeams togetherTeam positionsShared explorationLock speedFull tech treeHidden civsTurbo modeCheats
Victory
Defeat
🇨🇳 Spanish · China
1137
+14
🇲🇽 Dravidians · Mexico
1132
+14
🇦🇺 Persians · Australia
1103
+15
🇨🇳 Bohemians · China
1085
+16
🇲🇽 Vikings · Mexico
1180
-18
🇲🇽 Huns · Mexico
1116
-16
🇲🇽 Spanish · Mexico
1106
-15
🇲🇽 Byzantines · Mexico
968
-10
xX DTI Xx pasa
5:19 Loom
15:24 Feudal Age
17:25 Double-Bit Axe
19:25 Padded Archer Armor
19:15 Fletching
20:35 Wheelbarrow
22:24 Castle Age
20:19 Fishing Lines
23:24 Demolition Ship
24:26 Medium Warships
24:08 Gillnets
24:55 Leather Archer Armor
24:38 Bodkin Arrow
26:45 Siphons
26:53 Clinker Construction
26:57 Careening
29:19 Hand Cart
29:16 Bow Saw
28:49 Horse Collar
29:00 Gold Mining
29:01 Stone Mining
37:13 Imperial Age
36:59 Pikeman
38:01 Squires
37:44 Cavalier
38:26 Husbandry
38:42 Halberdier
39:56 Paladin
42:44 Scale Mail Armor
42:55 Forging
42:50 Scale Barding Armor
43:30 Elite Skirmisher
43:58 Elite Cataphract
44:59 Conscription
45:29 Chain Barding Armor
45:45 Iron Casting
45:40 Ballistics
Halfah2595
10:38 Feudal Age
11:18 Loom
12:25 Fishing Lines
13:46 Double-Bit Axe
15:20 Wheelbarrow
15:30 Horse Collar
23:23 Castle Age
22:29 Scale Barding Armor
24:32 Medium Warships
27:16 Bow Saw
27:13 Heavy Plow
29:07 Chain Barding Armor
28:58 Forging
31:47 Iron Casting
31:04 Fletching
33:57 Pikeman
34:39 Scale Mail Armor
39:57 Chain Mail Armor
Condenados
12:06 Feudal Age
12:30 Loom
16:46 Double-Bit Axe
20:38 Castle Age
18:48 Horse Collar
19:06 Stone Mining
19:06 Gold Mining
19:23 Padded Archer Armor
21:58 Bow Saw
21:52 Heavy Plow
22:14 Leather Archer Armor
25:07 Wheelbarrow
32:09 Imperial Age
30:06 Hand Cart
32:46 Bloodlines
32:37 Husbandry
32:29 Light Cavalry
33:17 Scale Barding Armor
33:23 Forging
32:41 Capped Ram
34:30 Hoardings
33:32 Elite Conquistador
34:26 Scale Barding Armor
34:33 Forging
35:06 Conscription
35:29 Chain Barding Armor
37:15 Conscription
36:22 Hussar
37:42 Plate Barding Armor
38:36 Iron Casting
38:55 Siege Ram
I_am_paps
8:20 Loom
10:54 Feudal Age
11:24 Double-Bit Axe
23:43 Castle Age
22:26 Horse Collar
22:43 Fletching
24:36 Forging
24:50 Medium Warships
25:13 Bodkin Arrow
26:46 Stone Mining
40:06 Imperial Age
38:34 Scale Mail Armor
38:34 Gold Mining
40:13 Chain Mail Armor
40:32 Sappers
41:27 Conscription
41:48 Plate Mail Armor
42:29 Iron Casting
42:36 Heavy Plow
42:51 Bow Saw
44:10 Chemistry
43:58 Masonry
44:20 Elite Varangian Guard
46:12 Blast Furnace
45:08 Town Watch
45:49 Bogsveigar
47:31 Squires
Kaiser NTX117
6:29 Loom
11:04 Feudal Age
16:27 Castle Age
15:19 Double-Bit Axe
17:01 Fletching
17:28 Medium Warships
17:51 Bodkin Arrow
21:46 Horse Collar
25:56 Fishing Lines
28:23 Demolition Ship
35:06 Ballistics
37:18 Imperial Age
35:42 Padded Archer Armor
37:54 Elite Elephant Archer
39:37 Chemistry
39:23 Thumb Ring
39:49 Bow Saw
39:44 Heavy Plow
40:40 Masonry
41:55 Conscription
42:06 Bracer
42:26 Gold Mining
42:28 Stone Mining
44:32 Medical Corps
46:06 Two-Man Saw
陈乾
13:27 Feudal Age
13:54 Double-Bit Axe
13:53 Fishing Lines
15:04 Gold Mining
15:47 Fletching
19:05 Castle Age
19:58 Gillnets
20:20 Medium Warships
22:12 Wheelbarrow
21:50 Bow Saw
23:04 Loom
24:28 Bodkin Arrow
24:44 Forging
25:15 Horse Collar
35:59 Imperial Age
33:19 Town Watch
33:38 Heavy Plow
34:39 Hand Cart
35:30 Stone Mining
36:19 Padded Archer Armor
37:33 Shipwright
37:36 Ballistics
38:17 Chemistry
37:28 Clinker Construction
37:28 Careening
37:33 Siphons
37:43 Masonry
39:01 Heavy Warships
40:51 Elite Cannon Galleon
44:22 Carvel Hull
44:26 Dry Dock
Pennon
11:22 Feudal Age
11:48 Double-Bit Axe
15:16 Loom
16:04 Horse Collar
18:57 Castle Age
21:13 Wheelbarrow
23:28 Fishing Lines
24:41 Heavy Plow
26:47 Bow Saw
30:33 Medium Warships
32:04 Hand Cart
31:36 Town Watch
33:50 Forging
33:46 Scale Barding Armor
35:06 Iron Casting
37:30 Imperial Age
35:29 Bloodlines
35:19 Husbandry
35:58 Chain Barding Armor
39:04 Two-Man Saw
38:35 Crop Rotation
39:44 Blast Furnace
39:19 Plate Barding Armor
38:27 Elite War Elephant
42:32 Town Patrol
42:10 Cavalier
43:34 Savar
542255641
11:07 Feudal Age
13:39 Double-Bit Axe
16:03 Castle Age
14:04 Horse Collar
17:34 Wheelbarrow
18:04 Bow Saw
20:09 Fervor
20:50 Loom
27:20 Imperial Age
26:27 Chemistry
25:33 Town Watch
26:47 Heavy Plow
27:04 Padded Archer Armor
26:55 Fletching
28:45 Coinage
30:04 Banking
31:33 Leather Archer Armor
30:39 Elite Skirmisher
31:03 Pikeman
33:55 Two-Man Saw
33:49 Scale Mail Armor
34:32 Forging
34:54 Ring Archer Armor
35:19 Hand Cart
35:32 Caravan
37:02 Chain Mail Armor
37:23 Iron Casting
38:10 Conscription
40:16 Blast Furnace
39:52 Siege Engineers
41:09 Halberdier
42:32 Plate Mail Armor
43:15 Masonry
43:10 Bodkin Arrow
45:13 Bracer
45:11 Arson
45:27 Squires
47:03 Architecture
Connection lost

Rejoining the realm…

Still unreachable

The connection could not be restored.

Session expired

The server has moved on; the page needs a fresh start.